 Dungeon Crawl Stone Soup version 0.30-a0-570-g486de37d69 (webtiles) character file.

Game seed: 17016566170516433079

4 stingscourger the Caller (level 1, -1/7 HPs)
             Began as a Felid Summoner on Dec 30, 2022.
             Slain by a jackal (2 damage)
             ... on level 1 of the Dungeon.
             The game lasted 00:00:45 (151 turns).

stingscourger the Caller (Felid Summoner)            Turns: 151, Time: 00:00:46

Health: -1/7       AC:  1    Str:  4    XL:     1   Next: 58%
Magic:  1/4        EV: 17    Int: 16    God:
Gold:   0          SH:  0    Dex: 16    Spells: 3/4 levels left
                                        Lives:  0   Deaths: 0

rFire   . . .      SeeInvis +    (weapon unavailable)
rCold   . . .      Faith    .    (shield unavailable)
rNeg    . . .      Spirit   .    (body armour unavailable)
rPois   .          Reflect  .    (helmet unavailable)
rElec   .          Harm     .    (cloak unavailable)
rCorr   .          Rampage  .    (gloves unavailable)
Will    .....                    (boots unavailable)
Stlth   ++                       (no amulet)
HPRegen 0.21/turn                (no ring)
MPRegen 0.09/turn                (no ring)

@: quick
A: very small, claws 1, fangs 3, see invisible, speed 1, shaggy fur 1, stealthy
paws, no weapons or thrown items, no armour, multi-lived
a: no special abilities


You were on level 1 of the Dungeon.
You visited 1 branch of the dungeon, and saw 1 of its levels.


Innate Abilities, Weirdness & Mutations

You have sharp claws.
You have razor-sharp teeth.
You have supernaturally acute eyesight. (SInv)
You cover ground quickly. (Speed+)
You are covered in fur. (AC +1)
Your paws help you pounce on unaware monsters.
You are incapable of wielding weapons or throwing items.
You cannot wear armour.
You gain extra lives every three experience levels.


   Skills:
 - Level 2.6 Dodging
 - Level 2.6 Stealth
 - Level 2.0 Spellcasting
 + Level 4.2 Summonings


You had 3 spell levels left.
You knew the following spells:

 Your Spells              Type           Power      Damage    Failure   Level
s - Summon Small Mammal   Summ           60%        N/A       3%          1

Your spell library contained the following spells:

 Spells                   Type           Power      Damage    Failure   Level
 Call Imp                 Summ           15%        N/A       5%          2
 Call Canine Familiar     Summ           15%        N/A       11%         3
 Summon Guardian Golem    Hex/Summ       8%         N/A       26%         3
 Summon Lightning Spire   Summ/Air       8%         N/A       65%         4

Inventory:

Potions
 a - a potion of magic
 b - a potion of brilliance {unknown}

Dungeon Overview and Level Annotations

Branches:
Dungeon (1/15)

Altars:

#..## ##..# #.###
###..##
##...###....#
#....#.....##
##........##
#.[h.....####
#...#b......#####
##..hw##..#.....#
#
######@####...###.
. #...##.# #####
#.#.b....# #
#.#...####
##.##.#.K.#####
.........ยง....#
.#......###.#
#..w...# #.#.####


You could see a dart slug (ally target), 2 jackals and a friendly bat
(summoned).


Message History

The bat closely misses you.
You miss the bat. The bat hits you but does no damage.
You miss the bat. You bite the bat. The bat barely misses you.
The bat hits your rat.
Your rat barely misses the bat.
The bat misses you.
Your rat bites the bat.
The bat dies!
Your rat disappears in a puff of smoke!
Your rat disappears in a puff of smoke! 2 jackals come into view.
The jackal barks! x2
A kobold comes into view. It is wielding a +1 whip of pain.
Your bat hits the jackal but does no damage.
Your bat barely misses the jackal.
A dart slug comes into view.
Unknown command.
Your bat misses the jackal.
Your bat barely misses the jackal.
The jackal misses you.
Your bat closely misses the jackal.
Your bat hits the jackal but does no damage.
The jackal closely misses your bat.
Your bat misses the jackal.
Your bat hits the jackal but does no damage.
Your bat closely misses the jackal.
Your bat hits the jackal but does no damage.
Your bat hits the jackal but does no damage.
Your bat misses the jackal. Something barely misses your bat.
Your bat misses the jackal. The dart slug launches a dart at you.
The slug dart hits your bat.
Your bat dies!
Your bat's corpse disappears in a puff of smoke!
Your bat hits the kobold but does no damage.
The jackal misses you. The jackal attacks as you move away!
The jackal bites you.
Your bat barely misses the jackal.
Casting: Summon Small Mammal (safe; 3% risk of failure)
Confirm with . or Enter, or press ? or * to list all spells.
Your bat barely misses the jackal.
The jackal bites you.
* * * LOW HITPOINT WARNING * * *
Casting: Summon Small Mammal (safe; 3% risk of failure)
Confirm with . or Enter, or press ? or * to list all spells.
The jackal bites your quokka. The jackal misses your quokka.
The jackal bites your quokka.
Your quokka dies!
Your quokka's corpse disappears in a puff of smoke!
Your rat bites the jackal.
The jackal bites your rat.
Your rat dies!
Your rat's corpse disappears in a puff of smoke!
The jackal bites you.
* * * LOW HITPOINT WARNING * * *
Casting: Summon Small Mammal (safe; 3% risk of failure)
Confirm with . or Enter, or press ? or * to list all spells.
You swap places.
Your bat barely misses the jackal.
The jackal attacks as you move away! The jackal misses you.
The jackal attacks as you move away! The jackal bites you.
* * * LOW HITPOINT WARNING * * *
Your bat barely misses the jackal.
Your bat hits the jackal but does no damage.
The jackal attacks as you move away! The jackal barely misses you.
The jackal attacks as you move away! The jackal closely misses you.
The jackal attacks as you move away! The jackal completely misses you.
Your bat misses the jackal. The jackal barely misses you.
Your bat hits the jackal but does no damage.
The jackal closely misses you. The jackal attacks as you move away!
The jackal closely misses you. The jackal attacks as you move away!
The jackal barely misses you.
Your bat misses the jackal.
You see here a +0 dagger.
Your bat closely misses the jackal.
Your bat completely misses the jackal.
The jackal barely misses you.
Your bat hits the jackal but does no damage.
Your bat barely misses the jackal.
Unknown command.
Casting: Summon Small Mammal (safe; 3% risk of failure)
Confirm with . or Enter, or press ? or * to list all spells.
Your bat hits the jackal but does no damage.
Your bat closely misses the jackal.
You swap places.
The jackal bites your rat. The jackal bites your rat.
Your rat dies!
Your rat's corpse disappears in a puff of smoke!
There is a staircase leading out of the dungeon here.
Casting: Summon Small Mammal (safe; 3% risk of failure)
Confirm with . or Enter, or press ? or * to list all spells.
You don't have enough magic to cast this spell.
The jackal attacks as you move away! The jackal bites you.
The jackal attacks as you move away! The jackal bites you.
* * * LOW HITPOINT WARNING * * *
The jackal attacks as you move away!
The jackal bites you but does no damage.
Your bat hits the dart slug but does no damage.
Your bat barely misses the dart slug.
The dart slug launches a dart at you. The slug dart hits you.
* * * LOW HITPOINT WARNING * * *
Unknown command.
The jackal barely misses your bat. The jackal attacks as you move away!
The jackal bites you.
You die...

Action                   || total
-------------------------++-------
Melee: Unarmed           ||     7
       Bite              ||     2
 Cast: Summon Small Mamm ||    10
Armor: Skin              ||     2
Dodge: Dodged            ||    17

Levels and vault maps discovered:
D:1:      dpeg_arrival_round_b, layout_basic, minmay_cut_off

Notes
Turn   | Place    | Note
-------+----------+-------------------------------------------
     0 | D:1      | stingscourger the Felid Summoner began the quest for the
                  | Orb.
     0 | D:1      | Reached XP level 1. HP: 7/7 MP: 4/4
   147 | D:1      | HP: 1/7 [dart slug/slug dart (2)]
   151 | D:1      | Slain by a jackal

Vanquished Creatures (collateral kills)
  A bat (D:1)
  2 endoplasms (D:1)
  A rat (D:1)
4 creatures vanquished.

Table legend:
 A = Non-vault XP
 B = Vault XP
 C = Vault XP percentage of total XP
 D = Non-vault monster count
 E = Vault monster count
 F = Vault count percentage of total count
                 A         B        C        D         E       F
            +---------+---------+-------+---------+---------+-------
      Total |       6 |       1 |  14.3 |       3 |       1 |  25.0
            +---------+---------+-------+---------+---------+-------
        D:1 |       6 |       1 |  14.3 |       3 |       1 |  25.0
            +---------+---------+-------+---------+---------+-------

Illustrated notes

Table legend:
 A = Kills in this place as a percentage of kills in entire the game.
 B = Kills by you in this place as a percentage of kills by you in the entire game.
 C = Kills by friends in this place as a percentage of kills by friends in the entire game.
 D = Other kills in this place as a percentage of other kills in the entire game.
 E = Experience gained in this place as a percentage of experience gained in the entire game.
 F = Experience gained in this place divided by the number of levels of this place that you have seen.
                   A       B       C       D       E      F
               +-------+-------+-------+-------+-------+----------------------
         Total | 100.0 |   N/A | 100.0 |   N/A | 100.0 |   7.0
       Dungeon | 100.0 |   N/A | 100.0 |   N/A | 100.0 |   7.0
               +-------+-------+-------+-------+-------+----------------------

Table legend: (Time is in decaauts)
 A = Elapsed time spent in this place.
 B = Non-inter-level travel time spent in this place.
 C = Inter-level travel time spent in this place.
 D = Time resting spent in this place.
 E = Time spent auto-exploring this place.
 F = Levels seen in this place.
 G = Mean time per level.
                   A        B        C        D        E       F      G
               +--------+--------+--------+--------+--------+-----+--------+
         Total |    132 |    132 |      0 |      0 |     66 |   1 |  132.0 |
       Dungeon |    132 |    132 |      0 |      0 |     66 |   1 |  132.0 |
               +--------+--------+--------+--------+--------+-----+--------+

Top non-repeatable levels by time:
     D:1: 132 daAuts
